 Dungeon Crawl Stone Soup version 0.21.1-1-g345015fe64 (webtiles) character file.

2318 KleinerIrrer the Cleaver (level 9, -9/69 HPs)
             Began as a Formicid Fighter on Apr 4, 2018.
             Mangled by Pikel
             ... wielding a +0 whip of electrocution
              (15 damage)
             ... on level 7 of the Dungeon.
             The game lasted 00:03:43 (8386 turns).

KleinerIrrer the Cleaver (Formicid Fighter)         Turns: 8386, Time: 00:03:44

Health: -9/69      AC:  5    Str: 24    XL:     9   Next: 69%
Magic:  9/9        EV: 11    Int: 11    God:
Gold:   329        SH: 12    Dex: 10    Spells: 8/8 levels left

rFire    + . .     SeeInvis +   Y - +1 war axe
rCold    x . .     Gourm    .   c - +1 shield
rNeg     . . .     Faith    .   s - +0 ring mail of the Nexus {MR+ Int+3} (curse)
rPois    .         Spirit   .   (helmet unavailable)
rElec    .         Reflect  .   (no cloak)
rCorr    .         Harm     .   (no gloves)
MR       +....                  (no boots)
Stlth    ..........             p - amulet of regeneration
HPRegen  0.61/turn              a - ring of fire (curse)
MPRegen  0.11/turn              (no ring)

@: lethally poisoned (-9 -> -26)
A: permanent stasis, dig shafts and tunnels, four strong arms, antennae 3
a: Dig, Shaft Self


You were on level 7 of the Dungeon.
You were not hungry.

You visited 2 branches of the dungeon, and saw 8 of its levels.

You collected 329 gold pieces.


Innate Abilities, Weirdness & Mutations

You cannot be hasted, slowed, berserked, paralysed or teleported.
You can dig through walls and to a lower floor.
Your four strong arms can wield two-handed weapons with a shield.
You have a pair of large antennae on your head. (SInv)


   Skills:
 - Level 6.2 Fighting
 + Level 9.8 Axes
 - Level 3.2 Armour
 - Level 2.7 Dodging
 - Level 7.0 Shields


You had 8 spell levels left.
You didn't know any spells.

Inventory:

Hand Weapons
 k - a +0 flail
 Y - a +1 war axe (weapon)
Missiles
 f - 2 tomahawks (quivered)
Armour
 c - a +1 shield (worn)
 i - a +0 plate armour
 j - a +0 chain mail
 s - the cursed +0 ring mail of the Nexus (worn) {MR+ Int+3}
   (You found it on level 5 of the Dungeon)

   It affects your intelligence (+3).
   It affects your resistance to hostile enchantments.
   It has a curse placed upon it.
Jewellery
 a - a cursed ring of fire (left hand)
 l - a +6 ring of dexterity {unknown}
 p - an amulet of regeneration (around neck)
Wands
 n - a wand of flame (22)
Scrolls
 o - a scroll of enchant armour
Potions
 b - a potion of lignification {unknown}
 d - 2 potions of might
 g - a potion of brilliance {unknown}
 h - a potion of resistance
 m - a potion of agility {unknown}
Comestibles
 e - 14 rations

Dungeon Overview and Level Annotations

Branches:
Dungeon (7/15)             Temple (1/1) D:4

Altars:
Ashenzari
Cheibriados
Dithmenos
Elyvilon
Fedhas
Gozag
Hepliaklqana
Kikubaaqudgha
Makhleb
Nemelex Xobeh
Ru
Sif Muna
Trog
Vehumet
Xom
Yredelemnul
The Shining One

Shops:
D:4 %   D:6 (

Annotations:
D:6 KleinerIrrer's ghost, novice TrMo
D:7 KleinerIrrer's ghost, novice DrTm; Pikel


Message History

You are more poisoned.
The killer bee poisons you! You block the killer bee's attack.
The killer bee stings you. Pikel hits you but does no damage.
The killer bee stings you but does no damage.
You block the quasit's attack.
The quasit claws you but does no damage.
The quasit barely misses you.
You miss the killer bee.
The killer bee is moderately wounded.
You hit Pikel. You hit the quasit. You miss the killer bee.
You feel sick. The killer bee closely misses you. x2
You block the killer bee's attack. x2; The quasit completely misses you.
The quasit claws you but does no damage. x2
Pikel hits you but does no damage.
You are electrocuted!
The centaur hits you. The killer bee stings you.
You are lethally poisoned!
The killer bee poisons you! The killer bee stings you.
Pikel hits you with a whip of electrocution.
You are electrocuted!
You die...

#...y.. #. #.#.#
##..... #.. #.#.#
##.... #(..##.#.##
#.... ..#..... {
#.#.# . ...... ..
.# ##.# #... #
.....##c#### .#
...(...5@K.##.K#...
._...##yy..<.....#
... ########....# .
.##


{{{{ .##### ...... .##### You could see Pikel, a centaur, 2 killer bees and a
quasit.

Vanquished Creatures
  The ghost of BrokenGlass the Skirmisher, an amateur OpMo (D:4)
  A hippogriff (D:7)
  Menkaure (D:7)
  Duvessa (D:7)
  An ice beast (D:3)
  3 sky beasts
  3 slaves (D:7)
  3 ogres
  A bullfrog (D:3)
  Dowan (D:7)
  A scorpion (D:5)
  A killer bee (D:7)
  A howler monkey (D:5)
  3 crimson imps
  2 bullfrog zombies
  A hound (D:7)
  8 orc wizards
  7 worker ants
  3 gnolls (D:3)
  A worker ant zombie (D:6)
  8 adders
  A shadow imp (D:6)
  An ooze (D:3)
  An adder zombie (D:7)
  An adder skeleton (D:4)
  A worm (D:3)
  A dart slug (D:1)
  3 leopard geckos
  21 orcs
  8 giant cockroaches
  7 goblins
  5 hobgoblins
  2 jackals (D:4)
  5 kobolds
  3 quokkas
  A ball python (D:2)
  12 bats
  3 frilled lizards
  A jackal skeleton (D:5)
  18 rats
147 creatures vanquished.

Notes
Turn   | Place    | Note
-------+----------+-------------------------------------------
     0 | D:1      | KleinerIrrer the Formicid Fighter began the quest for the Orb.
     0 | D:1      | Reached XP level 1. HP: 18/18 MP: 1/1
     0 | D:1      | 0 ||| counter = 38
   272 | D:1      | Reached XP level 2. HP: 22/24 MP: 2/2
   420 | D:1      | Reached skill level 3 in Axes
   842 | D:1      | Reached XP level 3. HP: 29/29 MP: 3/3
   939 | D:1      | 939 ||| READING scroll labeled IWAIW ZOSMI.
   940 | D:1      | 940 ||| READING scroll labeled CIUMYRU MOTAI.
   941 | D:1      | 941 ||| READING scroll labeled RASKIW COERPH.
   942 | D:1      | 942 ||| DRINKING 3 fuming ruby potions.
   951 | D:1      | 951 ||| DROPPING 2 potions of ambrosia.
  1029 | D:2      | 1029 ||| DROPPING club.
  1632 | D:2      | Reached skill level 4 in Axes
  1632 | D:2      | Reached XP level 4. HP: 23/35 MP: 4/4
  1805 | D:2      | Found a burning altar of Makhleb.
  1959 | D:3      | Noticed a bullfrog
  1964 | D:3      | Killed a bullfrog
  1964 | D:3      | Reached skill level 5 in Axes
  1964 | D:3      | Reached XP level 5. HP: 41/41 MP: 5/5
  2323 | D:3      | Noticed an ice beast
  2338 | D:3      | Killed an ice beast
  2338 | D:3      | Reached XP level 6. HP: 31/47 MP: 6/6
  2496 | D:3      | 2496 ||| DROPPING whip.
  2653 | D:3      | 2653 ||| STAIRDANCE
  2718 | D:2      | 2718 ||| UPGRADING to dyed leather armour.
  2728 | D:2      | 2728 ||| UPGRADING to +0 scale mail.
  2738 | D:2      | 2738 ||| DROPPING +1 leather armour of cold resistance.
  2739 | D:2      | 2739 ||| READING scroll labeled QYECUSUODI.
  2740 | D:2      | 2740 ||| READING 2 scrolls labeled UGRAMY BAILEI.
  2741 | D:2      | 2741 ||| DRINKING 2 grey potions.
  2742 | D:2      | 2742 ||| DROPPING potion of berserk rage.
  3178 | D:3      | Found a blossoming altar of Fedhas.
  3569 | D:4      | Found a staircase to the Ecumenical Temple.
  3578 | Temple   | Entered the Ecumenical Temple
  3579 | Temple   | 3579 ||| Entered T.
  3778 | Temple   | 3778 ||| READING scroll labeled OHYCKAY WELA.
  3851 | D:4      | 3851 ||| STAIRDANCE
  3960 | D:4      | 3960 ||| STAIRDANCE
  4064 | D:4      | Reached XP level 7. HP: 52/52 MP: 7/7
  4070 | D:4      | Reached skill level 6 in Axes
  4083 | D:4      | HP: 13/52 [poisoned by a worker ant]
  4088 | D:4      | HP: 7/53 [poisoned by a worker ant]
  4093 | D:4      | HP: 5/53 [poisoned by a worker ant]
  4098 | D:4      | HP: 4/53 [poisoned by a worker ant]
  4105 | D:4      | HP: 3/53 [poisoned by a worker ant]
  4113 | D:4      | HP: 2/53 [poisoned by a worker ant]
  4180 | D:4      | Noticed BrokenGlass's ghost (amateur OpMo)
  4410 | D:4      | 4410 ||| EATING 6 rations.
  4437 | D:4      | Killed BrokenGlass's ghost
  4607 | D:4      | Found Elinor's Food Emporium.
  4897 | D:4      | Found a shimmering altar of Xom.
  5006 | D:4      | Found a white marble altar of Elyvilon.
  5006 | D:4      | Found an opulent altar of Gozag.
  5010 | D:4      | Found a shimmering altar of Xom.
  5010 | D:4      | Found a blossoming altar of Fedhas.
  5010 | D:4      | Found an iron altar of Okawaru.
  5024 | D:4      | 5024 ||| UPGRADING to chain mail.
  5034 | D:4      | 5034 ||| DROPPING +0 scale mail.
  5089 | D:4      | 5089 ||| READING scroll labeled BUOSEU NYJOSIE.
  5095 | D:5      | Entered Level 5 of the Dungeon
  5235 | D:5      | Reached XP level 8. HP: 56/63 MP: 8/8
  5310 | D:5      | Found a shadowy altar of Dithmenos.
  5510 | D:5      | Got a steaming ring mail
  5568 | D:5      | 5568 ||| STAIRDANCE
  5671 | D:4      | 5671 ||| UPGRADING to shiny ring mail.
  5681 | D:4      | 5681 ||| UPGRADING to +0 chain mail.
  5691 | D:4      | 5691 ||| DROPPING +4 ring mail.
  5692 | D:4      | 5692 ||| UPGRADING to steaming ring mail.
  5702 | D:4      | Identified the cursed +0 ring mail of the Nexus {MR+ Int+3} (You found it on level 5 of the Dungeon)
  5702 | D:4      | 5702 ||| READING scroll labeled JIAPYSTRAEW.
  5703 | D:4      | 5703 ||| READING scroll labeled KANUSTR DUIFI KYAQ.
  5704 | D:4      | 5704 ||| DRINKING 2 fuming purple potions.
  5705 | D:4      | 5705 ||| READING scroll of identify.
  5705 | D:4      | 5705 ||| IDENTIFYING thin emerald amulet
  5706 | D:4      | 5706 ||| UPGRADING to amulet of regeneration.
  5714 | D:5      | HP: 13/63 [ogre/giant spiked club (16)]
  5715 | D:5      | 5715 ||| DRINKING potion of heal wounds.
  5717 | D:5      | Reached skill level 7 in Axes
  5718 | D:5      | 5718 ||| STAIRDANCE
  6004 | D:5      | 6004 ||| EATING 11 rations.
  6309 | D:5      | Found a deep blue altar of Sif Muna.
  6351 | D:6      | Found a white marble altar of Elyvilon.
  6421 | D:6      | Found Diuruint's Weapon Shop.
  6471 | D:6      | 6471 ||| STAIRDANCE
  6512 | D:6      | Reached skill level 8 in Axes
  6638 | D:6      | 6638 ||| STAIRDANCE
  6910 | D:6      | Reached skill level 6 in Shields
  7019 | D:6      | Reached XP level 9. HP: 63/68 MP: 9/9
  7038 | D:6      | Noticed KleinerIrrer's ghost (novice TrMo)
  7078 | D:6      | 7078 ||| STAIRDANCE
  7098 | D:6      | 7098 ||| STAIRDANCE
  7137 | D:6      | 7137 ||| STAIRDANCE
  7204 | D:6      | HP: 13/68 [KleinerIrrer's ghost (20)]
  7351 | D:7      | 7351 ||| STAIRDANCE
  7363 | D:6      | 7363 ||| STAIRDANCE
  7401 | D:5      | 7401 ||| EATING 13 rations.
  7406 | D:6      | 7406 ||| STAIRDANCE
  7474 | D:6      | 7474 ||| STAIRDANCE
  7511 | D:6      | 7511 ||| STAIRDANCE
  7729 | D:7      | Noticed a hippogriff
  7735 | D:7      | HP: 17/68 [hippogriff (6)]
  7738 | D:7      | HP: 8/68 [hippogriff (4)]
  7739 | D:7      | Killed a hippogriff
  7739 | D:7      | Reached skill level 9 in Axes
  7902 | D:7      | Noticed Dowan
  7903 | D:7      | Noticed Duvessa
  7912 | D:7      | Killed Duvessa
  7928 | D:7      | Killed Dowan
  8043 | D:7      | Noticed a moth of wrath
  8044 | D:7      | Noticed Menkaure
  8045 | D:7      | Noticed KleinerIrrer's ghost (novice DrTm)
  8048 | D:7      | Found a bloodstained altar of Trog.
  8052 | D:7      | Killed Menkaure
  8052 | D:7      | Reached skill level 6 in Fighting
  8177 | D:7      | 8177 ||| STAIRDANCE
  8378 | D:7      | Noticed Pikel
  8378 | D:7      | Found an opulent altar of Gozag.
  8386 | D:7      | HP: 16/69 [centaur (2)]
  8386 | D:7      | HP: 6/69 [Pikel/whip of electrocution (4)]
  8386 | D:7      | Mangled by Pikel

Vault maps used:
D:1:      eino_arrival_druids_welcome
D:2:      lightli_temple_of_fire
D:3:      nicolae_overflow_hidden_temple, corexii_hall_statues_s
D:4:      minmay_temple_entry_glass, serial_shops, shop, first_ration,
          doesnt_xom_only_xom
D:5:      kennysheep_mini_moat, portal_sewer_entry_d, kennysheep_minor_cross,
          nicolae_dithmenos_the_darkroom
D:6:      kennysheep_mini, serial_shops, nicolae_shop_trees
D:7:      tgw_trog, basic_altar, uniq_pikel, uniq_duvessa, uniq_menkaure
Temple:   dpeg_chambers_temple

Skill      XL: |  1  2  3  4  5  6  7  8  9 |
---------------+----------------------------+-----
Axes           | 3 4 5 6 8 9 |  9.8
Dodging        | 2 |  2.7
Shields        | 4 6 7 |  7.0
Fighting       | 5 6 |  6.2
Armour         | |  3.2

Action                   |  1- 3 |  4- 6 |  7- 9 || total
-------------------------+-------+-------+-------++-------
Melee: War axe           |    95 |   143 |   342 ||   580
Throw: Tomahawk          |    23 |    29 |    37 ||    89
  Use: Scroll            |     3 |     6 |     4 ||    13
       Potion            |     1 |     1 |     3 ||     5
  Eat: Chunk             |     2 |     8 |     4 ||    14
       Ration            |       |       |     3 ||     3
Armor: Scale mail        |    48 |    45 |     9 ||   102
       Chain mail        |       |       |     7 ||     7
       Ring mail         |       |       |    51 ||    51
Dodge: Dodged            |    27 |    53 |   120 ||   200
Block: Shield            |    57 |    85 |   184 ||   326

Table legend:
 A = Spawn XP
 B = Non-spawn XP
 C = Spawn XP percentage of total XP
 D = Spawn monster count
 E = Non-spawn monster count
 F = Spawn count percentage of total count
 G = Total turns spent on level
                    A         B        C        D         E        F      G
               +---------+---------+-------+---------+---------+-------+---------
         Total |       0 |    3312 |   0.0 |       0 |     144 |   0.0 |  8386
               +---------+---------+-------+---------+---------+-------+---------
           D:1 |       0 |      30 |   0.0 |       0 |      17 |   0.0 |   961
           D:2 |       0 |      52 |   0.0 |       0 |      19 |   0.0 |  1026
           D:3 |       0 |     349 |   0.0 |       0 |      32 |   0.0 |  1426
           D:4 |       0 |     479 |   0.0 |       0 |      16 |   0.0 |  1696
           D:5 |       0 |     592 |   0.0 |       0 |      16 |   0.0 |  1529
           D:6 |       0 |     830 |   0.0 |       0 |      22 |   0.0 |   955
           D:7 |       0 |     980 |   0.0 |       0 |      22 |   0.0 |   589
               +---------+---------+-------+---------+---------+-------+---------
